[Event "Live Chess"]
[Site "Chess.com"]
[Date "2024.06.01"]
[Round "-"]
[White "JanMur7"]
[Black "Stanbad1"]
[Result "0-1"]
[WhiteElo "2290"]
[BlackElo "2640"]
[TimeControl "300"]
[EndTime "14:24:22 PDT"]
[Termination "Stanbad1 won by resignation"]

1. c4 Nf6 2. Nc3 g6 3. d4 Bg7 4. e4 d6 5. Be2 O-O 6. Bg5 h6 7. Be3 c5 8. dxc5 dxc5 9. Qxd8 Rxd8 10. Bxc5 Nc6 11. f3 e6 12. Nh3 b6 13. Be3 Bb7 14.
O-O Rac8 15. Rfd1 Nd7 16. Rab1 Nc5 17. Nb5 a6 18. Nd6 Rb8 19. Nxb7 Rxd1+ 20. Rxd1 Rxb7 21. b3 Nb4 22. Rd8+ Kh7 23. a3 Nc2 24. Bc1 Nxb3 25. Bf4 e5 26. Bg3 Nbd4 27. Bd1 Nxa3 28. Nf2 Nxc4 29.
Ng4 f5 30. exf5 gxf5 31. Nxe5 Nxe5 32. Rxd4 Nxf3+ 33. Bxf3 Bxd4+ 0-1

[Event "Live Chess"]
[Site "Chess.com"]
[Date "2024.06.01"]
[Round "-"]
[White "road2gm5000"]
[Black "SavagePawn7"]
[Result "1-0"]
[WhiteElo "1080"]
[BlackElo "677"]
[TimeControl "300"]
[EndTime "14:24:26 PDT"]
[Termination "road2gm5000 won by resignation"]

1. e4 d5 2. exd5 Nf6 3. Nf3 Nxd5 4. Bc4 Be6 5. Bxd5 Bxd5 6. Nc3 Bc4 7. d3 Bb5 8. Nxb5 Nc6 9. Bf4 e5 10. Qe2 Be7 11.
Nxe5 Nxe5 12. Bxe5 O-O 13. Bxc7 Qd7 14. a4 Rfe8 15. O-O Bc5 16. Qh5 b6 17. Bg3 a6 18.
Nc3 Qc6 19. Ne4 Re6 20. Ng5 Rh6 21. Qxf7+ Kh8 22. Be5 Qg6 23. Qxg6 Rxg6 24. Ne4 Re8 25. Bg3 Ree6 26. Nxc5 bxc5 27. Rfe1 Rxe1+ 28. Rxe1 1-0

[Event "Live Chess"]
[Site "Chess.com"]
[Date "2024.06.01"]
[Round "-"]
[White "chessfiction"]
[Black "AndyJWise"]
[Result "1-0"]
[WhiteElo "2377"]
[BlackElo "1045"]
[TimeControl "300"]
[EndTime "14:24:26 PDT"]
[Termination "chessfiction won by resignation"]

1. e4 c6 2. d4 d5 3. e5 Bf5 4. Nf3 e6 5. Nbd2 c5 6. dxc5 Nc6 7. Nb3 Nge7 8. Be3 Ng6 9. Bb5 a6 10. Bxc6+ bxc6 11. Nfd4 Nxe5 12. Nxf5 exf5 13. Bd4 Qe7 14. O-O g6 15. Re1 Bg7 16. f4 O-O 17. Bxe5 Bxe5 18. Rxe5 Qh4 19. Qf3 Rfe8 20. Rae1 Kf8 21. Rxe8+ Rxe8 22. Rxe8+ Kxe8 23. g3 Qe7 24. Kf2 1-0

[Event "Live Chess"]
[Site "Chess.com"]
[Date "2024.06.01"]
[Round "-"]
[White "MagnersCarlsberg2870"]
[Black "Mangoalo"]
[Result "1-0"]
[WhiteElo "1769"]
[BlackElo "1067"]
[TimeControl "300"]
[EndTime "14:24:31 PDT"]
[Termination "MagnersCarlsberg2870 won by resignation"]

1. d4 Nf6 2. Nf3 e6 3. e3 Bb4+ 4. c3 Be7 5. Bd3 O-O 6. Nbd2 d5 7. Qe2 Nc6 8. O-O h6 9. e4 Bd7 10. e5 Ne8 11. Bc2 f6 12. Qd3 fxe5 13. Qh7+ Kf7 14. Bg6+ Kf6 15. Bh5 exd4 1-0

[Event "Live Chess"]
[Site "Chess.com"]
[Date "2024.06.01"]
[Round "-"]
[White "GEMdzq"]
[Black "PughmanChess"]
[Result "1-0"]
[WhiteElo "2315"]
[BlackElo "1379"]
[TimeControl "300"]
[EndTime "14:24:44 PDT"]
[Termination "GEMdzq won by checkmate"]

1. e4 c6 2. d4 d5 3. e5 c5 4.
dxc5 e6 5. Be3 Nd7 6. Nf3 Ne7 7. Bb5 Nf5 8. Bd4 Nxd4 9. Qxd4 Qa5+ 10. Nc3 a6 11.
Bxd7+ Bxd7 12. b4 Qc7 13. O-O Rd8 14. Rfe1 Be7 15. Ne2 a5 16. c3 Bb5 17. Ng3 axb4 18. cxb4 Bc4 19. Nd2 Ba6 20. a4 b5 21. a5 Bb7 22. Nh5 O-O 23. Qg4 g6 24. Nf6+ Bxf6 25. exf6 Kh8 26. Nf3 h5 27. Qg5 Kh7 28. Nd4 Rde8 29. a6 Ba8 30. Re5 Rh8 31. h4 Rd8 32.
Nxb5 Qb8 33. Nd6 Qxb4 34. Nxf7 Qb2 35. Qh6+ Kg8 36. Qg7# 1-0

[Event "Live Chess"]
[Site "Chess.com"]
[Date "2024.06.01"]
[Round "-"]
[White "Tushinskiy"]
[Black "Zhevzh1k7"]
[Result "1-0"]
[WhiteElo "2280"]
[BlackElo "1105"]
[TimeControl "300"]
[EndTime "14:24:51 PDT"]
[Termination "Tushinskiy won by checkmate"]

1. d4 Nf6 2. c3 e6 3. Nf3 d5 4.
Bf4 Bd6 5. Bg3 Bxg3 6. hxg3 Nc6 7.
Nbd2 Bd7 8. Qc2 Qe7 9. e4 dxe4 10. Nxe4 Nxe4 11. Qxe4 O-O 12. Qxh7# 1-0

[Event "Live Chess"]
[Site "Chess.com"]
[Date "2024.06.01"]
[Round "-"]
[White "Dhaydon19"]
[Black "WorcesterYork"]
[Result "1-0"]
[WhiteElo "2678"]
[BlackElo "2491"]
[TimeControl "300"]
[EndTime "14:25:05 PDT"]
[Termination "Dhaydon19 won by resignation"]

1. d4 d6 2. Nf3 Bg4 3. g3 Bxf3 4. exf3 Nd7 5. Bg2 c6 6. c3 h5 7. O-O h4 8. f4 h3 9. Bf3 e6 10. Nd2 d5 11. Re1 Ne7 12. Nf1 Nf6 13. Ne3 Nc8 14. f5 Be7 15. fxe6 fxe6 16. Ng4 O-O 17. Rxe6 Nd6 18.
Ne5 Nfe4 19. Ng6 Re8 20. Bxe4 Nxe4 21. Qh5 Nf6 22. Qxh3 Bd6 23. Bg5 Qd7 24. Rxe8+ Qxe8 25. Bxf6 Qxg6 26. Qe6+ Qf7 27. Qxd6 Qxf6 28. Qxf6 gxf6 29. Re1 Kf7 30. Kg2 a5 31. h4 a4 32. a3 Ra5 33.
g4 Rb5 34. Re2 1-0

[Event "Live Chess"]
[Site "Chess.com"]
[Date "2024.06.01"]
[Round "-"]
[White "grillage"]
[Black "Crowded_House"]
[Result "1-0"]
[WhiteElo "1872"]
[BlackElo "1733"]
[TimeControl "300"]
[EndTime "14:25:10 PDT"]
[Termination "grillage won by resignation"]

1. d4 e6 2. Nf3 d5 3. c4 c6 4. cxd5 exd5 5. Nc3 Nf6 6. Qc2 Bd6 7. Bg5 Nbd7 8. e3 h6 9. Bh4 O-O 10. Bd3 Re8 11.
O-O Be7 12. Rab1 Ng4 13. Bxe7 Qxe7 14. b4 a6 15. a4 b5 16. a5 Nf8 17. Ne2 Nf6 18.
Qxc6 Bb7 19. Qc2 Rec8 20. Qb3 Rc7 21. Rbc1 Rac8 22. Rxc7 Rxc7 23. Rc1 Rxc1+ 24. Nxc1 Qc7 25. Qc2 Qxc2 26. Bxc2 Ne6 27. Nd3 Ne4 28. Nc5 N6xc5 29. dxc5 Nc3 30. Bb3 Kf8 31. Nd4 Ke7 32. f3 Na4 33. c6 Bc8 34. Bxd5 Nc3 35. Bb3 f6 36. Kf2 Kd6 37. Ke1 Nd5 38. Bxd5 Kxd5 39. Kd2 Kc4 40.
Nc2 f5 41. f4 g5 42. g3 gxf4 43. exf4 Be6 44. Ke3 Kc3 45. Nd4 Bc8 46. c7 Kxb4 47. Nc6+ Kc5 48. Ne7 Bd7 49. c8=Q+ Bxc8 50. Nxc8 b4 51.
Kd3 Kb5 52. Kc2 Kxa5 53. Nd6 Ka4 54. Kb2 Ka5 55. Nxf5 Kb5 56. Nd4+ Kc5 57. f5 Kd6 58. g4 Ke5 59. Kb3 h5 60. h3 hxg4 61. hxg4 Kf6 62.
Kxb4 Kg5 63. Ka5 Kxg4 64. f6 Kf4 65. f7 Ke4 66. f8=Q Kxd4 67. Kxa6 Ke5 68. Kb5 1-0

[Event "Live Chess"]
[Site "Chess.com"]
[Date "2024.06.01"]
[Round "-"]
[White "jellhhggffhjjjjjj"]
[Black "ogpin"]
[Result "0-1"]
[WhiteElo "410"]
[BlackElo "2194"]
[TimeControl "300"]
[EndTime "14:25:12 PDT"]
[Termination "ogpin won by checkmate"]

1. b3 a5 2. Bb2 Ra6 3. e3 Nf6 4. Bxa6 Nxa6 5. d4 b6 6. Nd2 Bb7 7. Ngf3 e6 8. c4 Qa8 9. Qc2 Nb4 10. Qc3 Ne4 11. Nxe4 Bxe4 12. a4 Nc2+ 13. Ke2 Bb4 14. Qxb4 Nxb4 15. d5 exd5 16. Bxg7 dxc4 17. Bxh8 Bd3+ 18.
Kd2 Qd5 19. Nd4 Qxg2 20. Rag1 Qxf2+ 21. Kc3 Na2# 0-1

[Event "Live Chess"]
[Site "Chess.com"]
[Date "2024.06.01"]
[Round "-"]
[White "Keithdfg"]
[Black "vincents82"]
[Result "0-1"]
[WhiteElo "1748"]
[BlackElo "2093"]
[TimeControl "300"]
[EndTime "14:25:21 PDT"]
[Termination "vincents82 won by resignation"]

1. Nf3 d5 2. d3 Nf6 3. Nbd2 Bf5 4. g3 e5 5. Bg2 Nbd7 6. O-O Bd6 7. c4 c6 8. a3 O-O 9. b4 e4 10. Nd4 Bg6 11. Bb2 exd3 0-1

[Event "Live Chess"]
[Site "Chess.com"]
[Date "2024.06.01"]
[Round "-"]
[White "gmnorfolk"]
[Black "FMOlexandrProhorov"]
[Result "1/2-1/2"]
[WhiteElo "2088"]
[BlackElo "2338"]
[TimeControl "300"]
[EndTime "14:25:22 PDT"]
[Termination "Game drawn by repetition"]

1. c4 Nf6 2. Nc3 d5 3. cxd5 Nxd5 4. Nf3 g6 5. Qa4+ Nc6 6. Ne5 Bd7 7. Nxd7 Qxd7 8. e3 Bg7 9. Bb5 O-O 10. Bxc6 bxc6 11.
Nxd5 Qxd5 12. O-O c5 13. Qc2 Rab8 14. d3 Rfd8 15. Rd1 c4 16. d4 c5 17. e4 Qh5 18. Rf1 cxd4 19. Qxc4 d3 20. Be3 Rxb2 21. Rad1 Qe2 22. Rfe1 Qc2 23. Qxc2 Rxc2 24. Bxa7 d2 25. Rf1 Rxa2 26. Be3 Rd3 27. Rb1 f5 28. exf5 gxf5 29. g3 Kf7 30. Rfd1 Rc2 31. Kf1 e5 32. Ke2 e4 33. Rb7+ Kg6 34. Rb6+ Kh5 35. h3 Ra2 36.
g4+ fxg4 37. hxg4+ Kxg4 38. Rb5 h6 39. Rg1+ Kh4 40.
Rh1+ Kg4 41. Rg1+ Kh4 42. Rh1+ Kg4 43. Rg1+ 1/2-1/2

[Event "Live Chess"]
[Site "Chess.com"]
[Date "2024.06.01"]
[Round "-"]
[White "AnotherOneBadPlayer"]
[Black "Brooms1989"]
[Result "1-0"]
[WhiteElo "2215"]
[BlackElo "1125"]
[TimeControl "300"]
[EndTime "14:25:38 PDT"]
[Termination "AnotherOneBadPlayer won by resignation"]

1. Nf3 Nf6 2. b3 g6 3. Bb2 Bg7 4. e3 d6 5. Be2 O-O 6. O-O e5 7. d4 Nc6 8. d5 Ne7 9. c4 Nh5 10. Nbd2 f5 11. Ne1 Nf6 12. f4 Bh6 13. Nc2 e4 14. Nd4 Kh8 15. h3 c5 16. dxc6 Nxc6 17.
Nxc6 bxc6 18. g4 Bg7 19. g5 Nd7 20. Bxg7+ Kxg7 21. Qc2 h6 22. h4 hxg5 23. hxg5 Rh8 24. Qc3+ Kg8 25. Kg2 Kf7 26. Rh1 Ne5 27. Rxh8 Qxh8 28.
fxe5 dxe5 29. Rh1 1-0

[Event "Live Chess"]
[Site "Chess.com"]
[Date "2024.06.01"]
[Round "-"]
[White "koekoekoe"]
[Black "KeithArkell"]
[Result "0-1"]
[WhiteElo "2007"]
[BlackElo "2437"]
[TimeControl "300"]
[EndTime "14:25:45 PDT"]
[Termination "KeithArkell won by checkmate"]

1. d4 e6 2. Bf4 Nf6 3. e3 c5 4.
c3 cxd4 5. exd4 Be7 6. Nf3 b6 7. Bb5 Ba6 8. Bxa6 Nxa6 9. O-O Nc7 10. Nbd2 d6 11. Re1 b5 12. h3 O-O 13. Qb3 Rb8 14. Ne4 Nxe4 15. Rxe4 Nd5 16. Bg3 Qc7 17. Rae1 Rfc8 18.
a3 a5 19. Nd2 h6 20. f4 Nf6 21.
R4e2 d5 22. Kh2 Bd6 23. Rf1 Nh5 24. Ref2 Nxg3 25. Kxg3 g5 26. Nf3 Bxf4+ 27. Kg4 f5+ 28. Kh5 Kg7 29. Nxg5 hxg5 30. Rxf4 Rh8+ 31. Kxg5 Qe7# 0-1

[Event "Live Chess"]
[Site "Chess.com"]
[Date "2024.06.01"]
[Round "-"]
[White "Duke_of_Bebington"]
[Black "degringolade64"]
[Result "0-1"]
[WhiteElo "1635"]
[BlackElo "2146"]
[TimeControl "300"]
[EndTime "14:26:09 PDT"]
[Termination "degringolade64 won on time"]

1. e4 c6 2. d4 d5 3. e5 Bf5 4. g4 Be4 5. f3 Bg6 6. h4 h5 7. e6 Qd6 8. exf7+ Bxf7 9. Ne2 hxg4 10. fxg4 Nd7 11. Nbc3 e5 12. dxe5 Nxe5 13. Bg2 Nf6 14. Bg5 O-O-O 15. Qd4 Re8 16. O-O-O Qc5 17. Rhf1 Nexg4 18. Bxf6 Nxf6 19. Bh3+ Be6 20. Bxe6+ Rxe6 21. Qf4 Qe3+ 22.
Qxe3 Rxe3 23. Nf4 Bd6 24. Ng6 Rhe8 25. h5 Nxh5 26. Rf7 Bb4 27. Rdf1 Bxc3 28. bxc3 Re1+ 29. Rxe1 Rxe1+ 30. Kd2 Rg1 31. Ne7+ Kd8 32. Nf5 g5 33. Rg7 Nf4 34. Nd6 Rg2+ 35. Kc1 Ne6 36. Nxb7+ Kc8 37. Re7 g4 38. Rxe6 Kxb7 39. Rg6 g3 40. Kb2 Rg1 41. Ka3 g2 42. Rg7+ Kb6 43. Rg6 a5 44. Rg7 Kc5 45. Rg4 Kb5 46. Rg5 Kc5 47. Rg4 Kd6 48. Rg5 Ke6 49. Rg6+ Kf5 50. Rg8 Kf4 51. Rg7 Kf3 52.
Rg8 Re1 53. Rf8+ Ke2 54. Rg8 Kf1 55. Rf8+ Kg1 56. Rg8 Kh1 57. Rh8+ Kg1 58. Rg8 Re2 0-1

[Event "Live Chess"]
[Site "Chess.com"]
[Date "2024.06.01"]
[Round "-"]
[White "WorcesterYork"]
[Black "booktrunk"]
[Result "1-0"]
[WhiteElo "2491"]
[BlackElo "1410"]
[TimeControl "300"]
[EndTime "14:26:16 PDT"]
[Termination "WorcesterYork won by resignation"]

1. e4 b6 2. d4 Bb7 3. Nc3 e6 4. Bd3 h6 5. Nge2 a5 6. O-O Ba6 7. f4 Bxd3 8. Qxd3 Nf6 9. f5 exf5 10. e5 Ng8 11. Qxf5 Qe7 12. Nd5 Qe6 13. Nxc7+ 1-0

[Event "Live Chess"]
[Site "Chess.com"]
[Date "2024.06.01"]
[Round "-"]
[White "Stanbad1"]
[Black "road2gm5000"]
[Result "1-0"]
[WhiteElo "2640"]
[BlackElo "1080"]
[TimeControl "300"]
[EndTime "14:26:17 PDT"]
[Termination "Stanbad1 won by resignation"]

1. d4 d5 2. c4 e6 3. Nc3 Nf6 4. cxd5 Nxd5 5. e4 Nxc3 6. bxc3 Nc6 7. Nf3 Be7 8. Bd3 O-O 9. O-O h6 10. e5 b6 11. Qe2 Bb7 12. a4 a5 13. Be3 Qd5 14.
Rfb1 Ba6 15. Bxa6 1-0

[Event "Live Chess"]
[Site "Chess.com"]
[Date "2024.06.01"]
[Round "-"]
[White "PughmanChess"]
[Black "Dhaydon19"]
[Result "0-1"]
[WhiteElo "1379"]
[BlackElo "2678"]
[TimeControl "300"]
[EndTime "14:26:17 PDT"]
[Termination "Dhaydon19 won by resignation"]

1. e4 c6 2. d4 d5 3. e5 c5 4.
dxc5 Nc6 5. Nf3 Bg4 6. h3 Bxf3 7. Qxf3 e6 8. Bf4 Bxc5 9. Bb5 Ne7 10. O-O O-O 11. Nd2 Nd4 12. Qg3 Nxb5 13. Bh6 Nf5 0-1

[Event "Live Chess"]
[Site "Chess.com"]
[Date "2024.06.01"]
[Round "-"]
[White "jimwad"]
[Black "bez2104"]
[Result "1/2-1/2"]
[WhiteElo "1286"]
[BlackElo "1561"]
[TimeControl "300"]
[EndTime "14:26:23 PDT"]
[Termination "Game drawn - timeout vs insufficient material"]

1. d4 Nf6 2. c4 d6 3. Nc3 g6 4.
g3 Bg7 5. Bg2 O-O 6. e3 c6 7. Nge2 Bg4 8. O-O e5 9. Qb3 Bxe2 10.
Nxe2 Qc7 11. dxe5 dxe5 12. Rd1 Nbd7 13. Qc3 Rad8 14. b3 Nh5 15. e4 Nb6 16. Bb2 f5 17. Qc2 f4 18. gxf4 Nxf4 19. Nxf4 exf4 20. Bxg7 Qxg7 21. Rac1 Rxd1+ 22. Rxd1 f3 23. Bh3 Qe5 24. Qd3 Rf4 25. Qd8+ Kg7 26. Qd4 Rxe4 27. Qxe5+ Rxe5 28. Bg4 Re2 29. Bxf3 Rxa2 30. Re1 Kf6 31. Bd1 Nd7 32. h3 Ne5 33. f4 Nd3 34. Re3 Nxf4 35. Rf3 g5 36. h4 Rg2+ 37. Kf1 Rd2 38. hxg5+ Kxg5 39. Rg3+ Kf5 40. Bg4+ Ke4 41. Bf3+ Kf5 42. Bg4+ Ke5 43. Re3+ Kd4 44. Rf3 Nd3 45. Bf5 Rd1+ 46. Ke2 Nb2 47. Rf4+ Kc3 48. Rf3+ Kb4 49. Bxh7 Rh1 50. Be4 Rh2+ 51. Ke3 Nd1+ 52. Kf4 Nc3 53. Bf5 Rh4+ 54. Kg5 Rd4 55. Bc8 b6 56. Bb7 Kxb3 57. Bxc6 Kxc4 58.
Bb7 a5 59. Rf4 Nd5 60. Rxd4+ Kxd4 61. Bxd5 1/2-1/2

[Event "Live Chess"]
[Site "Chess.com"]
[Date "2024.06.01"]
[Round "-"]
[White "dhairyapandyauk"]
[Black "f4nomore"]
[Result "0-1"]
[WhiteElo "1676"]
[BlackElo "1244"]
[TimeControl "300"]
[EndTime "14:26:32 PDT"]
[Termination "f4nomore won by resignation"]

1. e4 g6 2. d4 Bg7 3. e5 d6 4. f4 dxe5 5. fxe5 Nc6 6. Be3 e6 7. Bb5 Bd7 8. Qf3 Nge7 9. c4 O-O 10. d5 Nxe5 11. Qe2 exd5 12. Bxd7 Qxd7 13. b3 Nxc4 14.
bxc4 Bxa1 15. Bh6 Bg7 16. Bxg7 Kxg7 17. Qb2+ f6 18. Qxb7 Qe6+ 19. Ne2 Qf5 20. Nbc3 Rab8 21. Qxc7 Rb1+ 22. Nxb1 Qxb1+ 23. Kf2 Qxh1 24. Qxe7+ Rf7 25. cxd5 Qxh2 26. d6 Rxe7 27. dxe7 Kf7 28. Nd4 Kxe7 29. Nc6+ Kd6 30. Nxa7 Qf4+ 31. Ke2 Qe4+ 32. Kf2 Qd4+ 33.
Kg3 Qxa7 34. Kh4 Qxa2 35. g3 g5+ 36. Kh5 Qh2+ 37. Kg4 h5+ 38. Kf5 Qf2+ 39. Kg6 Qxg3 40. Kxh5 g4 41. Kg6 Ke5 42. Kh5 f5 43. Kg5 f4 44.
Kh5 f3 45. Kg5 f2 46. Kh6 f1=Q 0-1

[Event "Live Chess"]
[Site "Chess.com"]
[Date "2024.06.01"]
[Round "-"]
[White "NeilDruggan73"]
[Black "Zhevzh1k7"]
[Result "1-0"]
[WhiteElo "1749"]
[BlackElo "1105"]
[TimeControl "300"]
[EndTime "14:26:55 PDT"]
[Termination "NeilDruggan73 won by resignation"]

1. d4 Nf6 2. Bg5 e6 3. e4 h6 4. Bxf6 Qxf6 5. c3 Nc6 6. Nf3 d5 7. Nbd2 Be7 8. Bd3 Bd7 9. O-O O-O 10. e5 Qf4 11. g3 Qg4 12. Kg2 Bg5 13. h3 Qh5 14. g4 Qxh3+ 15. Kxh3 Bxd2 1-0

[Event "Live Chess"]
[Site "Chess.com"]
[Date "2024.06.01"]
[Round "-"]
[White "FMOlexandrProhorov"]
[Black "Eva3337"]
[Result "1-0"]
[WhiteElo "2338"]
[BlackElo "1165"]
[TimeControl "300"]
[EndTime "14:27:26 PDT"]
[Termination "FMOlexandrProhorov won by resignation"]

1. e4 e5 2. Nf3 Nc6 3. d4 d6 4. Bc4 Be6 5. d5 Na5 6. dxe6 Nxc4 7. exf7+ Kxf7 8. Qd5+ Ke8 9. Qxc4 Nf6 10. Nc3 Be7 11. Ng5 1-0

[Event "Live Chess"]
[Site "Chess.com"]
[Date "2024.06.01"]
[Round "-"]
[White "booktrunk"]
[Black "Dhaydon19"]
[Result "0-1"]
[WhiteElo "1410"]
[BlackElo "2678"]
[TimeControl "300"]
[EndTime "14:27:36 PDT"]
[Termination "Dhaydon19 won by resignation"]

1. d4 d5 2. Nc3 Nf6 3. Bf4 e6 4.
Nb5 Bd6 5. Nxd6+ cxd6 6. e3 Nc6 7. Qf3 h6 8. h4 e5 9. dxe5 dxe5 10. Bg3 Bg4 11.
Qxg4 0-1

[Event "Live Chess"]
[Site "Chess.com"]
[Date "2024.06.01"]
[Round "-"]
[White "IgorSchukin"]
[Black "FlyingChessKestrel13"]
[Result "1-0"]
[WhiteElo "1688"]
[BlackElo "2062"]
[TimeControl "300"]
[EndTime "14:28:08 PDT"]
[Termination "IgorSchukin won by resignation"]

1. e4 e5 2. Nf3 Nf6 3. Nc3 Bb4 4. Nxe5 O-O 5. Nd3 Bxc3 6. dxc3 Nxe4 7. Be2 d5 8. O-O c6 9. Bf3 Nd7 10. Re1 Ndf6 11.
Bxe4 Nxe4 12. h3 Bf5 13. Bf4 c5 14. f3 Nf6 15. Nxc5 Qb6 16. b4 Rac8 17. Kh2 a5 18. a3 Rfd8 19. Qd4 Nh5 20. Rac1 Nxf4 21. Qxf4 Bg6 22. Re7 Qc6 23. Rxb7 axb4 24. axb4 h6 25. Re1 Re8 26. Rxe8+ Rxe8 27. Rb8 Kh7 28. Rxe8 Qxe8 29.
Qd4 Qc6 30. Nd3 Qa4 31. Qxd5 Qxc2 32. Nf4 Qxc3 33. Nxg6 fxg6 34. b5 Qc7+ 35. Kg1 Qc1+ 36. Kf2 Qb2+ 37. Kg3 h5 38. h4 Qf6 39. Qc5 Qd8 40.
b6 Qb8+ 41. Qc7 1-0

[Event "Live Chess"]
[Site "Chess.com"]
[Date "2024.06.01"]
[Round "-"]
[White "LL220284LL"]
[Black "lateforthesky"]
[Result "1-0"]
[WhiteElo "2543"]
[BlackElo "2152"]
[TimeControl "300"]
[EndTime "14:28:16 PDT"]
[Termination "LL220284LL won by checkmate"]

1. d4 Nf6 2. Bg5 d5 3. Nf3 Nbd7 4. Nbd2 g6 5. e3 Bg7 6. Bd3 c5 7. c3 b6 8. O-O O-O 9. Re1 Re8 10. Qc2 e5 11.
dxe5 Nxe5 12. Nxe5 Rxe5 13. Bf4 Re8 14. e4 Nh5 15. Bg3 Nxg3 16. hxg3 Bb7 17. exd5 Bxd5 18. Nf3 Qd7 19. a4 Qc6 20. Bb5 Rxe1+ 21. Rxe1 Qc7 22.
Qd2 Rd8 23. Qg5 h6 24. Qe7 Qxe7 25. Rxe7 Bxf3 26. gxf3 Rd2 27. Bc4 Rxb2 28. Rxf7 Kh7 29. Rxa7 Rc2 30. Bd5 Rxc3 31. Rb7 Rc1+ 32. Kg2 Ra1 33.
Rxb6 Rxa4 34. Be4 Bd4 35. Rxg6 Ra1 36. Bf5 h5 37. f4 Kh8 38. Rh6+ Kg7 39. Rxh5 Ra2 40.
Kh3 Rxf2 41. Kg4 c4 42. Rh7+ Kf6 43. Rh6+ Kg7 44. Rc6 c3 45. Kg5 Rg2 46. g4 Rf2 47. Rc7+ Kf8 48. Rc4 Be3 49. Kf6 Ke8 50. Rc8# 1-0

[Event "Live Chess"]
[Site "Chess.com"]
[Date "2024.06.01"]
[Round "-"]
[White "DylanMeyer1"]
[Black "oscalik"]
[Result "0-1"]
[WhiteElo "1710"]
[BlackElo "2328"]
[TimeControl "300"]
[EndTime "14:28:27 PDT"]
[Termination "oscalik won by resignation"]

1. c4 Nf6 2. Nc3 c5 3. g3 d5 4.
cxd5 Nxd5 5. Bg2 Nc7 6. e3 Nc6 7. Nge2 e5 8. O-O Be7 9. a3 O-O 10. b3 Bf5 11. e4 Be6 12. Bb2 Qd7 13. Kh1 Rad8 14. Bc1 Bh3 15. Ng1 Bxg2+ 16. Kxg2 Nd4 17. Nf3 f6 18. Ne2 Nxf3 19. Kxf3 Qd3+ 20. Kg2 Qxe4+ 21.
f3 Qc6 22. Bb2 Rd3 23. Bc3 Rfd8 24. Nc1 Rxc3 25. Na2 Rcd3 26. Rf2 Ne6 27. Rc1 Ng5 28. Rc3 e4 29. Rxd3 Rxd3 30. h4 Nxf3 31. Nc1 Rxd2 32. Rxd2 Nxd2 33. Ne2 e3+ 34. Kh2 Nf3+ 35. Kh3 Qe6+ 36.
g4 Qe5 37. Ng3 e2 38. Qd3 Ng1+ 39. Kh2 e1=Q 40. Qc2 0-1

[Event "Live Chess"]
[Site "Chess.com"]
[Date "2024.06.01"]
[Round "-"]
[White "AndrewBak1"]
[Black "CCGoodKnightRookie"]
[Result "0-1"]
[WhiteElo "1869"]
[BlackElo "2365"]
[TimeControl "300"]
[EndTime "14:28:32 PDT"]
[Termination "CCGoodKnightRookie won by resignation"]

1. e4 Nf6 2. Nc3 e5 3. Nf3 Nc6 4. Bb5 Bb4 5. d3 d6 6. O-O O-O 7. Bg5 Bxc3 8. bxc3 Ne7 9. Bxf6 gxf6 10. h3 Ng6 11. d4 Nf4 12. Kh2 Kh8 13. Ng1 f5 14.
g3 Ng6 15. exf5 Bxf5 16. Bd3 e4 17. Bc4 d5 18. Bb3 c6 19. c4 Rc8 20. Qh5 Qf6 21.
c3 Rg8 22. cxd5 cxd5 23. Bxd5 Rxc3 24. Bxb7 Rc2 25. Qd1 e3 26. g4 Qd6+ 27. Kh1 Rxf2 28. Rxf2 exf2 29. gxf5 fxg1=Q+ 30. Qxg1 Nf4 31. Qe3 f6 32.
Rg1 Rxg1+ 33. Kxg1 Qc7 34. d5 h5 35. Bc6 Qg7+ 36.
Kf1 Qg2+ 37. Ke1 Qh1+ 38. Kd2 Qg2+ 39. Kc3 Ne2+ 40. Kc4 Qf1 41. Qe8+ Kg7 42. Qg6+ Kh8 43. Qxf6+ Kh7 44. Qg6+ Kh8 45. f6 Nf4+ 46. Kc5 Nxg6 47. Be8 Nf8 48. f7 Qc1+ 49. Kd6 Qa3+ 50. Ke5 Kg7 51. d6 Qc5+ 0-1

[Event "Live Chess"]
[Site "Chess.com"]
[Date "2024.06.01"]
[Round "-"]
[White "AndyJWise"]
[Black "GEMdzq"]
[Result "0-1"]
[WhiteElo "1045"]
[BlackElo "2315"]
[TimeControl "300"]
[EndTime "14:28:41 PDT"]
[Termination "GEMdzq won by resignation"]

1. d4 c5 2. d5 d6 3. c4 Nf6 4.
Nc3 g6 5. e4 Bg7 6. Bg5 O-O 7.
Nf3 h6 8. Bxf6 Bxf6 9. Qd2 Bg7 10. h3 a6 11. a4 Nd7 12. Bd3 Rb8 13. Ke2 Nf6 14.
Rhb1 e6 15. b4 exd5 16. exd5 Nh5 17. Kf1 Bxh3 18. gxh3 Qf6 19. Be4 Qxc3 20. Qxc3 Bxc3 21. Ra3 cxb4 22. Rxc3 bxc3 23. Rb6 Rbc8 24. Rxd6 Rxc4 25.
Rd7 c2 26. Bxc2 Rxc2 27. Rxb7 Rd8 28. Ne5 Nf4 29. Rb1 Rxd5 0-1

[Event "Live Chess"]
[Site "Chess.com"]
[Date "2024.06.01"]
[Round "-"]
[White "chessfiction"]
[Black "MagnersCarlsberg2870"]
[Result "1-0"]
[WhiteElo "2377"]
[BlackElo "1769"]
[TimeControl "300"]
[EndTime "14:28:54 PDT"]
[Termination "chessfiction won by resignation"]

1. e4 d6 2. d4 Nf6 3. Nc3 g6 4. f4 Bg7 5. Nf3 c6 6. h3 b5 7. e5 dxe5 8. fxe5 Nd5 9. Bd3 Nxc3 10. bxc3 Be6 11. O-O O-O 12. Ng5 Bd5 13. Qg4 Qd7 14.
e6 Bxe6 15. Nxe6 fxe6 16. Rxf8+ Kxf8 17. Bg5 e5 18. Rf1+ Kg8 19. Qf3 Qe6 20. Be4 h6 21. d5 Qd7 22. Qf7+ Kh8 23. Qxg6 1-0

[Event "Live Chess"]
[Site "Chess.com"]
[Date "2024.06.01"]
[Round "-"]
[White "hapehansen"]
[Black "Queensandpawns"]
[Result "1-0"]
[WhiteElo "2254"]
[BlackElo "2364"]
[TimeControl "300"]
[EndTime "14:29:03 PDT"]
[Termination "hapehansen won by resignation"]

1. Nf3 e5 2. Nxe5 Nc6 3. Nf3 d5 4. d4 Nf6 5. Bg5 Be7 6. e3 Ne4 7. Bxe7 Qxe7 8. Nbd2 Qb4 9. Rb1 O-O 10. c3 Qe7 11.
Bb5 f5 12. Qb3 Be6 13. Be2 Rf6 14. Qxb7 Qe8 15. Bb5 Bd7 16. Ne5 Nxe5 17. dxe5 Rb6 18. Qxd5+ Be6 19. Bxe8 Bxd5 20. Ba4 Bxa2 21. Ra1 Rxb2 22.
Rxa2 Rxa2 23. Bb3+ Kf8 24. Bxa2 Nxc3 25. Bc4 a5 26. O-O a4 27. Ra1 a3 28. Kf1 Ke7 29. Nb1 Kd7 30. Nxc3 1-0

[Event "Live Chess"]
[Site "Chess.com"]
[Date "2024.06.01"]
[Round "-"]
[White "agamilewska"]
[Black "ProfPoisson"]
[Result "1-0"]
[WhiteElo "1765"]
[BlackElo "1286"]
[TimeControl "300"]
[EndTime "14:29:09 PDT"]
[Termination "agamilewska won on time"]

1. d4 e6 2. Nf3 f5 3. e3 Nf6 4. c4 Bb4+ 5. Nc3 Bxc3+ 6. bxc3 b6 7. Be2 Bb7 8. O-O Qe7 9. h3 Ne4 10. Qd3 d6 11. d5 e5 12. Ba3 Nd7 13. Nd2 Ndf6 14. Nxe4 Nxe4 15. f3 Ng3 16. Rfe1 O-O-O 17. Kf2 Qh4 18. Kg1 e4 19. fxe4 Nxe4 20. Bf3 Qf2+ 21.
Kh1 g5 22. Bxe4 fxe4 23. Qxe4 Rde8 24. Qg4+ Kb8 25. e4 Bc8 26. Qe2 Qg3 27. Rf1 h5 28. Rf3 Qe5 29. Kg1 Bg4 30. hxg4 hxg4 31. Rf5 Qh2+ 32.
Kf2 g3+ 33. Ke3 Qh6 34. Qg4 Qh2 35. Rxg5 Qxg2 36. Qxg3 Qc2 37. Qf3 Qxc3+ 38. Kf2 Rhf8 39. Rf5 Rxf5 40. exf5 Qxa1 41. f6 Qxa2+ 42. Kg3 Rf8 43. f7 Qxc4 44. Bb2 Qb4 45. Bg7 Rxf7 46. Qxf7 Qb3+ 47. Kg4 Qc4+ 48. Kg5 Qc1+ 49. Kg6 1-0

[Event "Live Chess"]
[Site "Chess.com"]
[Date "2024.06.01"]
[Round "-"]
[White "KnightStripes"]
[Black "lyricalschemes"]
[Result "0-1"]
[WhiteElo "899"]
[BlackElo "2398"]
[TimeControl "300"]
[EndTime "14:29:18 PDT"]
[Termination "lyricalschemes won by checkmate"]

1. d4 Nf6 2. Nc3 d5 3. Bf4 c5 4. e3 cxd4 5. exd4 e6 6. Nb5 Qa5+ 7. c3 Na6 8. Nd6+ Bxd6 9. Bxd6 Ne4 10. f3 Nxd6 11. Bd3 Bd7 12. Ne2 Bb5 13. Bxb5+ Qxb5 14. O-O O-O 15. b4 Nf5 16. Qd2 Rac8 17. g4 Nd6 18.
Ng3 Qc4 19. Nh5 Qxc3 20. Qg5 Qxd4+ 21. Kh1 h6 22. Qh4 Nf5 23. Qe1 Ne3 24. Qf2 Rc2 25.
Qg3 Nxf1 26. Qh4 Rxh2+ 27. Qxh2 Nxh2 28. Kxh2 Qxa1 29. b5 Nc5 30. b6 axb6 31. g5 Ra8 32. gxh6 Rxa2+ 33. Kh3 Qh1+ 34. Kg4 Rg2+ 35. Kf4 Qc1+ 36.
Ke5 Rg5+ 37. Kd6 Rxh5 38. f4 Qxf4+ 39. Ke7 Qc7+ 40. Ke8 Qd7# 0-1